 Dungeon Crawl Stone Soup version 0.17.0-7-gfadd4cc (webtiles) character file.

157 tinybubbles the Skirmisher (level 5, 0/57 HPs)
             Began as an Ogre Wanderer on Nov 8, 2015.
             Succumbed to an adder's poison
             ... on level 2 of the Dungeon.
             The game lasted 00:04:27 (1798 turns).

tinybubbles the Skirmisher (Ogre Wanderer)          Turns: 1798, Time: 00:04:27

Health: 0/57       AC:  3    Str: 17    XL:     5   Next: 38%
Magic:  6/6        EV: 10    Int: 11    God:
Gold:   31         SH:  0    Dex: 10    Spells: 0 memorised, 6 levels left

rFire  . . .     SeeInvis .     a - +2 mace
rCold  . . .     Clarity  .     b - +0 robe
rNeg   . . .     SustAt   .     (no shield)
rPois  .         Gourm    .     (helmet restricted)
rElec  .         Spirit   .     (no cloak)
rCorr  .         Warding  .     (gloves unavailable)
rMut   .         Stasis   .     (boots unavailable)
MR     .....                    (no amulet)
Stlth  +.........               (no ring)
                                (no ring)

@: lethally poisoned (0 -> -3), not resistant to hostile enchantments, very
unstealthy
A: unfitting armour, tough skin 1
a: no special abilities


You were on level 2 of the Dungeon.
You were not hungry.

You visited 1 branch of the dungeon, and saw 3 of its levels.

You collected 31 gold pieces.

Inventory:

Hand Weapons
 a - a +2 mace (weapon)
Missiles
 k - 4 large rocks (quivered)
Armour
 b - a +0 robe (worn)
Scrolls
 c - a scroll of fear
 f - a scroll of remove curse
 i - a scroll of identify
Comestibles
 d - 2 bread rations
 g - a meat ration


   Skills:
 + Level 5.5 Fighting
 * Level 4.3 Maces & Flails
 * Level 0.8 Throwing
 + Level 2.3 Dodging
 - Level 1.0 Stealth
   Level 1.0 Shields
 + Level 1.2 Spellcasting
   Level 1.0 Conjurations
   Level 1.0 Translocations


You had 6 spell levels left.
You didn't know any spells.

Dungeon Overview and Level Annotations

Branches:
Dungeon (3/15)

Altars:
Kikubaaqudgha


Innate Abilities, Weirdness & Mutations

You are too large for most types of armour.
You have tough skin (AC +1).


Message History

You barely miss the adder. The adder barely misses you.
The kobold hits you with a short sword.
* * * LOW HITPOINT WARNING * * *
The adder closely misses you. The kobold hits you with a short sword.
* * * LOW HITPOINT WARNING * * *
You aren't carrying any potions.
You sock the adder!
The adder is heavily wounded.
You feel sick. The adder bites you.
* * * LOW HITPOINT WARNING * * *
You are more poisoned.
The adder poisons you! The kobold hits you but does no damage.
The adder bites you.
* * * LOW HITPOINT WARNING * * *
You hit the adder but do no damage.
The adder is heavily wounded.
The adder bites you but does no damage. The kobold hits you but does no damage.
You hit the adder.
The adder is heavily wounded.
You die...

#####...>.### #.##.(รท......##
####....#####...((.........
###..##....#.).........#
#......................
########....###.....#######..
#........#...#####...### ###
#........##..# ##....######
#........###K#######.#.......
#........# #@S...###.########
#........# #..##.............
#........####..##.##.........
######.........#.....#.......
### ####............(##.....
##.#######...............#.....
#...##.........................
#......###...............#.....
#.....####...............#.....


You could see an adder and a kobold.

Vanquished Creatures
  A vampire bat (D:2)
  Robin (D:2)
  4 adders (D:2)
  An ooze (D:1)
  2 bat skeletons (D:2)
  2 bat zombies (D:2)
  3 giant cockroaches
  16 goblins
  7 hobgoblins
  5 bats
  3 giant geckos
  2 giant newts
  8 jackals (D:1)
  8 kobolds
  2 rats
65 creatures vanquished.

Notes
Turn   | Place    | Note
--------------------------------------------------------------
     0 | D:1      | tinybubbles the Ogre Wanderer began the quest for the Orb.
     0 | D:1      | tinybubbles set off with: a +2 mace, a +0 robe, a potion of curing, a bread ration
     0 | D:1      | Reached XP level 1. HP: 24/24 MP: 2/2
    69 | D:1      | HP: 1/26 [jackal (3)]
    73 | D:1      | Reached XP level 2. HP: 10/33 MP: 3/3
   452 | D:1      | Reached XP level 3. HP: 37/41 MP: 4/4
   887 | D:2      | HP: 2/41 [hobgoblin (2)]
   895 | D:1      | Reached skill level 5 in Fighting
   908 | D:2      | Reached skill level 1 in Dodging
   941 | D:2      | Reached XP level 4. HP: 41/50 MP: 5/5
  1031 | D:2      | Noticed Robin
  1625 | D:2      | Reached XP level 5. HP: 55/57 MP: 6/6
  1630 | D:2      | Found an ancient bone altar of Kikubaaqudgha.
  1637 | D:2      | Killed Robin
  1796 | D:2      | HP: 1/57 [adder (3)]
  1798 | D:2      | Succumbed to an adder's poison

Action                   |  1- 3 |  4- 6 || total
-------------------------+-------+-------++-------
Melee: Mace              |    92 |    84 ||   176
Throw: Large rock        |     2 |     6 ||     8
  Use: Potion            |     3 |       ||     3
       Scroll            |       |     6 ||     6
 Stab: Sleeping          |     1 |       ||     1
       Distracted        |       |     1 ||     1
  Eat: Chunk             |       |     3 ||     3
